 Dungeon Crawl Stone Soup version 0.25.1-2-g60ff931df9 (webtiles) character file.

Game seed: 1471407180006128354

133 raphialitos the Shield-Bearer (level 5, 0/42 HPs)
             Began as a Formicid Fighter on Nov 4, 2020.
             Was an Initiate of the Shining One.
             Slain by a gnoll
             ... wielding a +2 halberd of distortion
              (4 damage)
             ... on level 3 of the Dungeon.
             The game lasted 00:03:48 (1968 turns).

raphialitos the Shield-Bearer (Formicid Fighter)    Turns: 1968, Time: 00:03:51

Health: 0/42       AC:  8    Str: 22    XL:     5   Next: 40%
Magic:  5/5        EV:  8    Int:  7    God:    the Shining One [......]
Gold:   119        SH:  9    Dex: 10    Spells: 4/4 levels left

rFire    x . .     SeeInvis +   a - +0 quarterstaff
rCold    + . .     Gourm    .   c - +0 kite shield
rNeg     . . .     Faith    .   b - +1 scale mail
rPois    .         Spirit   .   (helmet unavailable)
rElec    .         Reflect  .   t - scarf {+Inv}
rCorr    .         Harm     .   (no gloves)
MR       .....                  (no boots)
Stlth    ..........             (no amulet)
HPRegen  0.14/turn              h - ring of ice
MPRegen  0.09/turn              (no ring)

@: glowing
A: permanent stasis, dig shafts and tunnels, four strong arms, antennae 3
a: Dig, Shaft Self, Renounce Religion, Evoke Invisibility


You were on level 3 of the Dungeon.
You worshipped the Shining One.
The Shining One was noncommittal.
You were hungry.

You visited 1 branch of the dungeon, and saw 3 of its levels.

You collected 119 gold pieces.

Inventory:

Hand Weapons
 a - a +0 quarterstaff (weapon)
Missiles
 i - 64 bolts
 k - 13 sling bullets
 o - 48 arrows
 s - 4 silver boomerangs (quivered)
Armour
 b - a +1 scale mail (worn)
 c - a +0 kite shield (worn)
 t - a scarf of invisibility (worn)
Jewellery
 h - a ring of ice (left hand)
Scrolls
 g - a scroll of identify
 m - a scroll of enchant weapon {unknown}
 q - a scroll of noise {unknown}
 r - a scroll of enchant armour
Potions
 d - a potion of might
 e - a potion of curing
 l - a potion of magic
 n - a potion of heal wounds {unknown}
 p - a potion of lignification
Comestibles
 f - 5 rations
 j - 5 chunks of flesh


   Skills:
 + Level 4.0 Fighting
 + Level 3.4 Staves
 + Level 4.0 Armour
 + Level 0.7 Dodging
 + Level 0.6 Stealth
 + Level 4.3 Shields


You had 4 spell levels left.
You didn't know any spells.
Your spell library was empty.

Dungeon Overview and Level Annotations

Branches:
Dungeon (3/15)

Altars:
The Shining One

Annotations:
D:3 Jessica


Innate Abilities, Weirdness & Mutations

You cannot be hasted, slowed, berserked, paralysed or teleported.
You can dig through walls and to a lower floor.
Your four strong arms can wield two-handed weapons with a shield.
You have a pair of large antennae on your head. (SInv)


Message History

Jessica blinks!
The gnoll hits you with a +2 halberd of distortion.
Space warps horribly around you!
You hit the gnoll.
The gnoll is moderately wounded.
You are feeling hungry.
You hit the gnoll but do no damage. The gnoll hits you but does no damage.
You hit the gnoll but do no damage. The gnoll barely misses you.
The gnoll hits you from afar with a +2 halberd of distortion!
You hit the gnoll.
The gnoll is heavily wounded.
The gnoll hits you but does no damage. The gnoll closely misses you.
Jessica says, "I'm really upset."
Your shield and scale mail prevent you from hitting the gnoll.
The gnoll is heavily wounded.
The gnoll completely misses you.
The gnoll hits you from afar with a +2 halberd of distortion!
* * * LOW HITPOINT WARNING * * *
Space bends around you.
You die...

#.####.###.##.#
#. #.##...# .#
# #. #.##.### #
#. #.##.#####.#
#. #..........#
#. ####.#######
#. #.# #รท #.#
######.###.
#.####.
#.###..@ggg.@..
........
#.....###g.....
........
####### ..###
######## ##


You could see 4 gnolls and Jessica.

Vanquished Creatures
  A bullfrog (D:3)
  An adder (D:3)
  An ooze (D:3)
  A leopard gecko (D:3)
  5 orcs (D:3)
  2 giant cockroaches (D:3)
  3 goblins
  6 hobgoblins
  4 jackals (D:3)
  A quokka (D:3)
  7 bats
  2 frilled lizards
  9 kobolds
  6 rats
49 creatures vanquished.

Notes
Turn   | Place    | Note
-------+----------+-------------------------------------------
     0 | D:1      | raphialitos the Formicid Fighter began the quest for the
                  | Orb.
     0 | D:1      | Reached XP level 1. HP: 18/18 MP: 1/1
   118 | D:1      | Reached XP level 2. HP: 19/24 MP: 2/2
   669 | D:2      | Found a glowing golden altar of the Shining One.
   962 | D:2      | Reached XP level 3. HP: 29/29 MP: 3/3
  1109 | D:2      | Became a worshipper of the Shining One
  1281 | D:3      | Noticed a bullfrog
  1300 | D:3      | Killed a bullfrog
  1300 | D:3      | Reached XP level 4. HP: 9/37 MP: 4/4
  1304 | D:3      | Reached XP level 5. HP: 11/42 MP: 5/5
  1960 | D:3      | Noticed Jessica
  1968 | D:3      | Slain by a gnoll

Illustrated notes

Levels and vault maps discovered:
D:1:      lightli_arrival_noodles, layout_basic, kennysheep_crisscross,
          minmay_misc_feat_ornament, solitary_fountain
D:2:      layout_rooms, nicolae_tso_carved_into_rock
D:3:      layout_loops_ring, uniq_jessica

Skill      XL: |  1  2  3  4  5 |
---------------+----------------+-----
Staves         | 3 |  3.4
Shields        | 4 |  4.3
Fighting       | 4 |  4.0
Armour         | 4 |  4.0
Dodging        | |  0.7
Stealth        | |  0.6

Action                   |  1- 3 |  4- 6 || total
-------------------------+-------+-------++-------
Melee: Quarterstaff      |    85 |    58 ||   143
  Use: Scroll            |     9 |       ||     9
  Eat: Chunk             |     1 |     2 ||     3
Armor: Scale mail        |    39 |    22 ||    61
Dodge: Dodged            |    22 |    25 ||    47
Block: Kite shield       |    48 |    28 ||    76
